 Dungeon Crawl Stone Soup version 0.29-a0-39-g581ba40fa7 (webtiles) character file.

Game seed: 4614497559161894426

1086 Grim the Spear-Bearer (level 8, 0/64 HPs)
             Began as a Minotaur Fighter on Feb 1, 2022.
             Was a Follower of the Shining One.
             Slain by a yak (3 damage)
             ... on level 8 of the Dungeon.
             The game lasted 00:07:27 (5284 turns).

Grim the Spear-Bearer (Minotaur Fighter)            Turns: 5284, Time: 00:07:28

Health: 0/64       AC: 11    Str: 22    XL:     8   Next: 9%
Magic:  9/9        EV:  7    Int:  7    God:    the Shining One [*.....]
Gold:   401        SH:  4    Dex:  9    Spells: 7/7 levels left

rFire   . . .      SeeInvis .   a - +0 trident
rCold   . . .      Faith    .   c - +0 buckler
rNeg    . . .      Spirit   .   h - +0 chain mail
rPois   .          Reflect  .   (helmet restricted)
rElec   .          Harm     .   i - +0 cloak
rCorr   .          Rampage  .   n - +0 pair of gloves
Will    .....                   (no boots)
Stlth   ..........              (no amulet)
HPRegen 0.20/turn               (no ring)
MPRegen 0.11/turn               (no ring)

@: flying, glowing
A: horns 2, retaliatory headbutt
a: Renounce Religion, Divine Shield


You were on level 8 of the Dungeon.
You worshipped the Shining One.
The Shining One was aware of your devotion.
You visited 2 branches of the dungeon, and saw 9 of its levels.

You collected 401 gold pieces.

Inventory:

Hand Weapons
 a - a +0 trident (weapon)
 j - the +9 scythe of Melee {antimagic, rElec}
   (You found it on level 1 of the Dungeon)

   It reduces the magical energy of the wielder, and disrupts the spells and
   magical abilities of those it strikes.
   Natural abilities and divine invocations are not affected.
   rElec:     It insulates you from electricity.
Missiles
 e - 178 stones (quivered)
 t - 6 poisoned darts
Armour
 c - a +0 buckler (worn)
 h - a +0 chain mail (worn)
 i - a +0 cloak (worn)
 n - a +0 pair of gloves (worn)
Jewellery
 p - a ring of protection from fire
Wands
 y - a wand of iceblast (13)
 C - a wand of flame (3)
Scrolls
 f - a scroll of immolation {unknown}
 g - 5 scrolls of teleportation
 k - 2 scrolls of identify
 s - a scroll of amnesia {unknown}
 u - a scroll of brand weapon {unknown}
 v - a scroll of holy word {unknown}
 w - a scroll of enchant weapon {unknown}
 x - a scroll of noise {unknown}
 A - a scroll of blinking {unknown}
 B - a scroll of enchant armour {unknown}
Potions
 b - 2 potions of flight
 d - 3 potions of might
 l - a potion of heal wounds {unknown}
 m - a potion of attraction {unknown}
 o - a potion of magic {unknown}
 q - a potion of mutation {unknown}
 r - 2 potions of haste {unknown}
 z - a potion of brilliance {unknown}
 D - a potion of degeneration {unknown}


   Skills:
 - Level 3.6 Fighting
 * Level 10.6 Polearms
 - Level 3.6 Armour
 - Level 3.6 Shields
 + Level 3.5 Invocations


You had 7 spell levels left.
You didn't know any spells.
Your spell library contained the following spells:

 Spells                   Type           Power      Damage    Failure   Level
 Corpse Rot               Necr/Air       0%         N/A       100%        2
 Poisonous Vapours        Pois/Air       0%         N/A       100%        2
 Portal Projectile        Hex/Tloc       0%         N/A       100%        3
 Vampiric Draining        Necr           0%         2d6       100%        3
 Blade Hands              Tmut           0%         N/A       100%        5
 Excruciating Wounds      Necr           0%         N/A       100%        5
 Haunt                    Necr/Summ      0%         N/A       100%        7


Dungeon Overview and Level Annotations

Branches:
Dungeon (9/15)             Temple (1/1) D:4
   Lair: D:8-11         Orc: D:9-12

Altars:
Ashenzari
Cheibriados
Dithmenos
Elyvilon
Fedhas
Gozag
Hepliaklqana
Kikubaaqudgha
Makhleb
Nemelex Xobeh
Okawaru
Qazlal
Ru
Sif Muna
Trog
Uskayaw
Vehumet
Wu Jian
Xom
Yredelemnul
Zin
The Shining One

Shops:
D:4 :


Innate Abilities, Weirdness & Mutations

You have a pair of horns on your head.
You reflexively headbutt those who attack you in melee.


Message History

You block the yak's attack. The yak gores you!
* * * LOW HITPOINT WARNING * * *
You hit the centaur zombie.
The centaur zombie is almost destroyed.
The centaur zombie closely misses you. The centaur zombie kicks you.
* * * LOW HITPOINT WARNING * * *
The yak completely misses you. You furiously retaliate!
You headbutt the yak!
You hit the centaur zombie but do no damage.
You headbutt the centaur zombie.
The centaur zombie is almost destroyed.
The yak gores you!
* * * LOW HITPOINT WARNING * * *
The centaur zombie barely misses you. You furiously retaliate!
You headbutt the centaur zombie. You block the centaur zombie's attack.
The centaur zombie hits you.
* * * LOW HITPOINT WARNING * * *
The centaur zombie closely misses you. The yak closely misses you.
The centaur zombie hits you but does no damage.
You block the centaur zombie's attack.
There is a stone staircase leading up here.
The yak closely misses you. The yak barely misses you. You furiously retaliate!
You headbutt the yak, but do no damage. The yak gores you.
* * * LOW HITPOINT WARNING * * *
You climb upwards.
Found a plate armour and 18 bolts.
There is a stone staircase leading down here.
The yak gores you but does no damage. The yak gores you!
* * * LOW HITPOINT WARNING * * *
The yak gores you but does no damage. The yak gores you but does no damage.
It was a potion of flight.
You feel very buoyant.
You fly up into the air.
The yak gores you but does no damage. The yak gores you.
* * * LOW HITPOINT WARNING * * *
As you read the scroll labelled BIN MEUPLOYTI, it crumbles to dust.
It is a scroll of identify.
g - 5 scrolls of teleportation The yak gores you.
You die...

#....##...
#....[....
#........
#>.......
#....##..
#....#
#....#######
#.....YY.Y.#
#....##..Y@+
#######....#
#.....#
#######


You could see 4 yaks.

Vanquished Creatures
  An orc warrior (D:9)
  An ogre (D:5)
  Blork the orc (D:4)
  A scorpion (D:5)
  A water moccasin skeleton (D:5)
  A howler monkey (D:5)
  2 jellies (D:2)
  A centaur zombie (D:6)
  A centaur skeleton (D:6)
  2 orc priests
  4 hounds (D:5)
  4 iguanas
  2 orc wizards (D:9)
  3 gnolls (D:3)
  A howler monkey skeleton (D:4)
  7 adders
  2 white imps (D:5)
  An ufetubus (D:4)
  2 adder skeletons (D:4)
  A worm (D:3)
  4 dart slugs
  6 orcs
  9 ball pythons
  3 bats
  15 endoplasms
  4 giant cockroaches
  4 goblins
  9 hobgoblins
  4 jackals (D:5)
  A quokka (D:5)
  2 frilled lizards
  12 kobolds
  4 rats
116 creatures vanquished.

Vanquished Creatures (others)
  4 fungi
  13 toadstools
17 creatures vanquished.

Grand Total: 133 creatures vanquished

Notes
Turn   | Place    | Note
-------+----------+-------------------------------------------
     0 | D:1      | Grim the Minotaur Fighter began the quest for the Orb.
     0 | D:1      | Reached XP level 1. HP: 19/19 MP: 0/0
   117 | D:1      | Reached skill level 3 in Polearms
   121 | D:1      | Reached XP level 2. HP: 19/26 MP: 1/1
   324 | D:1      | Found a faded altar of an unknown god.
   341 | D:1      | Identified the +9 scythe of Melee {antimagic, rElec}
   592 | D:1      | Reached skill level 4 in Polearms
   976 | D:2      | Reached XP level 3. HP: 31/31 MP: 2/2
  1606 | D:2      | Reached skill level 5 in Polearms
  1606 | D:2      | Reached XP level 4. HP: 31/39 MP: 3/3
  1788 | D:2      | Reached skill level 6 in Polearms
  2065 | D:3      | Reached XP level 5. HP: 41/45 MP: 4/4
  2218 | D:3      | Reached skill level 7 in Polearms
  2637 | D:4      | Noticed Blork the orc
  2646 | D:4      | Killed Blork the orc
  2647 | D:4      | Reached XP level 6. HP: 36/51 MP: 5/5
  2756 | D:4      | Found Kuony's Book Shop.
  2837 | D:3      | Reached skill level 8 in Polearms
  3150 | D:4      | Found a staircase to the Ecumenical Temple.
  3298 | Temple   | Entered the Ecumenical Temple
  3435 | Temple   | Became a worshipper of the Shining One
  3550 | D:5      | Entered Level 5 of the Dungeon
  3578 | D:5      | Reached skill level 1 in Invocations
  3813 | D:5      | Reached skill level 9 in Polearms
  3813 | D:5      | Reached XP level 7. HP: 53/57 MP: 5/7
  4526 | D:5      | Found an iron altar of Okawaru.
  4528 | D:5      | Found a shimmering altar of Xom.
  4657 | D:6      | Got Toowo's Disquisition on Unholy Arts
  4692 | D:6      | Reached skill level 10 in Polearms
  4716 | D:6      | Reached * piety under the Shining One
  4771 | D:6      | You fall into a shaft and drop 3 floors!
  4929 | D:9      | Reached XP level 8. HP: 34/64 MP: 9/9
  5163 | D:9      | Noticed a cyclops
  5180 | D:9      | Noticed a culicivora
  5180 | D:9      | a cyclops changed into a culicivora
  5247 | D:9      | Noticed a troll
  5281 | D:8      | HP: 3/64 [yak (5)]
  5284 | D:8      | Slain by a yak

Illustrated notes

Levels and vault maps discovered:
D:1:      amcnicky_arrival_feature_with_door, layout_loops_ring,
          hellmonk_ecumenical_altar_lost_god
D:2:      cheibrodos_fertilizer, layout_loops_ring, kennysheep_generic_room_5
D:3:      layout_basic, serial_curves, eino_curves_03, eino_curves_03
D:4:      layout_cave_pools, lemuel_temple_firewalk_a, serial_shops,
          shop_fountains, minmay_gold_behind_fungi, kennysheep_generic_room_12,
          uniq_blork_the_orc
D:5:      layout_basic, minitemple
D:6:      layout_rooms
D:8:      black_bear_nest_1, layout_gridville, bh_walls_and_bars
D:9:      layout_layer_cave, lair_entry_dummy, kennysheep_just_a_vault
Temple:   regret_index_temple_chain_breaker

Skill      XL: |  1  2  3  4  5  6  7 |
---------------+----------------------+-----
Polearms       | 3 4 5 6 7 9 10 | 10.6
Invocations    | 1 3 |  3.5
Fighting       | |  3.6
Armour         | |  3.6
Shields        | |  3.6

Action                   |  1- 3 |  4- 6 |  7- 9 || total
-------------------------+-------+-------+-------++-------
Melee: Trident           |    74 |   177 |    82 ||   333
       Headbutt          |    10 |    16 |    19 ||    45
Throw: Stone             |       |     8 |       ||     8
  Use: Potion            |       |       |     2 ||     2
       Scroll            |       |       |     1 ||     1
Armor: Scale mail        |     3 |       |       ||     3
       Chain mail        |    20 |    82 |    35 ||   137
Dodge: Dodged            |    16 |    33 |    28 ||    77
Block: Buckler           |     6 |    24 |    11 ||    41

Table legend: (Time is in decaauts)
 A = Elapsed time spent in this place.
 B = Non-inter-level travel time spent in this place.
 C = Inter-level travel time spent in this place.
 D = Time resting spent in this place.
 E = Time spent auto-exploring this place.
 F = Levels seen in this place.
 G = Mean time per level.
                   A        B        C        D        E       F      G
               +--------+--------+--------+--------+--------+-----+--------+
         Total |   5278 |   5055 |    223 |    830 |   3256 |   9 |  586.4 |
       Dungeon |   5130 |   4918 |    212 |    830 |   3146 |   8 |  641.2 |
        Temple |    147 |    137 |     10 |      0 |    110 |   1 |  147.0 |
               +--------+--------+--------+--------+--------+-----+--------+

Top non-repeatable levels by time:
     D:2: 1116 daAuts
     D:5: 1079 daAuts
     D:1: 843 daAuts
     D:4: 740 daAuts
     D:3: 712 daAuts
     D:9: 496 daAuts
  Temple: 147 daAuts
     D:6: 128 daAuts
     D:8: 12 daAuts
